 Dungeon Crawl Stone Soup version 0.21-b1-23-g1fb0a74c36 (webtiles) character file.

14701945 GordonOverkill the Conqueror (level 27, 208/218 HPs)
             Began as a Gargoyle Berserker on Jan 6, 2018.
             Was the Champion of the Shining One.
             Escaped with the Orb
             ... and 15 runes!
             The game lasted 04:41:16 (108447 turns).

GordonOverkill the Conqueror (Gargoyle Berserker) Turns: 108447, Time: 04:41:17

Health: 208/218    AC: 79    Str: 25    XL:     27
Magic:  34/37      EV: 26    Int:  9    God:    the Shining One [******]
Gold:   13230      SH:  0    Dex: 24    Spells: 53/64 levels left

rFire    + + .     SeeInvis +   a - +7 executioner's axe (holy)
rCold    + + +     Gourm    .   (shield currently unavailable)
rNeg     + + +     Faith    .   K - +12 crystal plate armour
rPois    ∞         Spirit   .   A - +0 helmet {SInv}
rElec    +         Reflect  .   N - +2 cloak {rC+}
rCorr    .         Harm     .   m - +4 pair of gloves of the Eight Demons {Int+7 Dex+2}
MR       +++..     Rnd*Rage +   I - +1 pair of boots "Oshabb" {+Inv rF++ Int-4 Dex+4}
Stlth    ..........             S - amulet of regeneration
HPRegen  0.86/turn              D - ring of Zytocro {*Drain rC+ MR+ SInv}
MPRegen  0.25/turn              v - ring "Situnum" {rC+ Str+2 Slay+3}

@: flying, glowing
A: big wings, thin skeletal structure 1, see invisible, berserk 1, dopey 2, low
mp 2, mutation resistance 1, negative energy resistance 1, robust 1, electricity
resistance, weak 1, unbreathing, petrification resistance, rot immunity,
MP-powered wands, AC +20
0: Orb of Zot
}: 15/15 runes: barnacled, slimy, silver, golden, iron, obsidian, icy, bone,
abyssal, demonic, glowing, magical, fiery, dark, gossamer
a: Stop Flying, Divine Shield, Cleansing Flame, Summon Divine Warrior, Renounce
Religion, Evoke Invisibility


You escaped.
You worshipped the Shining One.
The Shining One was exalted by your worship.
You were completely stuffed.

You visited 17 branches of the dungeon, and saw 89 of its levels.
You visited Pandemonium 2 times, and saw 16 of its levels.
You visited the Abyss 4 times.
You also visited: Trove and Ice Cave.

You collected 17219 gold pieces.
You spent 3989 gold pieces at shops.

Inventory:

Hand Weapons
 a - a +7 executioner's axe of holy wrath (weapon)
 b - the +10 battleaxe of Extinguishment {freeze, MR+}
   (Trog gifted it to you on level 2 of the Abyss)

   It has been specially enchanted to freeze those struck by it, causing extra
   injury to most foes and up to half again as much damage against particularly
   susceptible opponents.
   It can also slow down cold-blooded creatures.
   It affects your resistance to hostile enchantments.
 w - a +9 antimagic executioner's axe
Missiles
 Y - 6 throwing nets (quivered)
Armour
 m - the +4 pair of gloves of the Eight Demons (worn) {Int+7 Dex+2}
   (You acquired it on level 2 of the Lair of Beasts)

   It affects your intelligence (+7).
   It affects your dexterity (+2).
 A - a +0 helmet of see invisible (worn)
 F - a +0 large shield of fire resistance
 I - the +1 pair of boots "Oshabb" (worn) {+Inv rF++ Int-4 Dex+4}
   (You found it in a treasure trove)

   It affects your intelligence (-4).
   It affects your dexterity (+4).
   It greatly protects you from fire.
   It lets you turn invisible.
 K - a +12 crystal plate armour (worn)
 N - a +2 cloak of cold resistance (worn)
Jewellery
 r - the amulet "Sagun" {Reflect rF+ rN+ SH+3}
   (You took it off an ancient champion on level 7 of the Iron City of Dis)

   [amulet of reflection]

   It shields you and reflects attacks.
   It protects you from fire.
   It protects you from negative energy.
   It affects your SH (+3).
 v - the ring "Situnum" (right hand) {rC+ Str+2 Slay+3}
   (You took it off a frost giant on level 2 of the Depths)

   [ring of strength]

   It affects your strength (+2).
   It affects your accuracy and damage with ranged weapons and melee attacks
   (+3).
   It protects you from cold.
 D - the ring of Zytocro (left hand) {*Drain rC+ MR+ SInv}
   (You found it on level 7 of the Iron City of Dis)

   [ring of protection from cold]

   It protects you from cold.
   It affects your resistance to hostile enchantments.
   It lets you see invisible.
   It causes draining when unequipped.
 S - an amulet of regeneration (around neck)
Wands
 d - a wand of digging (62)
 q - a wand of iceblast (89)
 B - a wand of disintegration (71)
 G - a wand of acid (39)
 V - a wand of paralysis (74)
Scrolls
 c - 5 scrolls of identify
 f - 33 scrolls of remove curse
 i - 8 scrolls of fog
 j - 2 scrolls of brand weapon
 o - 24 scrolls of teleportation
 p - 2 scrolls of amnesia
 u - 13 scrolls of immolation
 z - 5 scrolls of fear
 C - 3 scrolls of holy word
 O - 4 scrolls of summoning
 T - 3 scrolls of magic mapping
 W - 5 scrolls of silence
Potions
 g - 9 potions of cancellation
 h - 3 potions of berserk rage
 k - 7 potions of might
 n - 23 potions of curing
 s - 2 potions of heal wounds
 t - 5 potions of agility
 x - 3 potions of ambrosia
 E - 8 potions of resistance
 H - 6 potions of haste
 M - 3 potions of magic
Comestibles
 e - 66 rations


   Skills:
 O Level 27 Fighting
 O Level 27 Axes
 O Level 27 Armour
 O Level 27 Dodging
 + Level 19.2 Spellcasting
 - Level 18.0 Charms
 - Level 7.0 Summonings
 - Level 10.0 Translocations
 - Level 5.0 Transmutations
 - Level 15.0 Air Magic
 - Level 13.0 Earth Magic
 O Level 27 Invocations
 - Level 7.0 Evocations


You had 53 spell levels left.
You knew the following spells:

 Your Spells              Type           Power        Failure   Level  Hunger
a - Blink                 Tloc           N/A          1%          2    None
b - Passwall              Tmut/Erth      ###.......   1%          2    None
c - Summon Butterflies    Summ           ###.....     2%          1    None
d - Deflect Missiles      Chrm/Air       #####.....   7%          6    ######.


Dungeon Overview and Level Annotations

Branches:
Dungeon (15/15)            Temple (0/1) D:7            Lair (6/6) D:9
 Shoals (4/4) Lair:2       Spider (4/4) Lair:4        Slime (5/5) Lair:5
    Orc (2/2) D:9             Elf (3/3) Orc:2        Vaults (5/5) D:14
  Crypt (3/3) Vaults:3       Tomb (3/3) Crypt:3      Depths (5/5) D:15
   Hell (1/1)                 Dis (7/7) Hell            Geh (7/7) Hell
    Coc (7/7) Hell            Tar (7/7) Hell            Zot (5/5) Depths:5

Altars:
Cheibriados
Dithmenos
Elyvilon
Fedhas
Gozag
Hepliaklqana
Kikubaaqudgha
Makhleb
Trog
Uskayaw
Vehumet
Wu Jian
Yredelemnul
Zin
The Shining One
Beogh
Jiyva

Shops:
D:10 [   Orc:2 (*[[(   Elf:1 :   Vaults:1 !   Vaults:2 [   Vaults:3 [
Vaults:4 *   Depths:1 *   Depths:4 [(!

Portals:
Hell: Depths:1 Depths:2 Depths:3 Depths:4 Depths:5
Abyss: Depths:1 Depths:3 Depths:4 Depths:5
Pandemonium: Depths:1 Depths:3
Ziggurat: Depths:5

Annotations:
Zot:3 2 transporters, exclusion: orange crystal statue


Innate Abilities, Weirdness & Mutations

You are resistant to torment.
Your stone body is resilient. (AC +20)
You are immune to poison.
Your large and strong wings let you fly indefinitely.
You resist negative energy. (rN+)
You are resistant to electric shocks. (rElec)
You can survive without breathing.
You are immune to petrification.
You are immune to rotting.
You have a somewhat thin skeletal structure. (Dex +2, Stealth)
You have supernaturally acute eyesight. (SInv)
You tend to lose your temper in combat.
You are very dopey. (Int -4)
Your magical capacity is very low. (-20% MP)
You are somewhat resistant to further mutation.
You are robust. (+10% HP)
You are weak. (Str -2)
You expend magic power (3 MP) to strengthen your wands.


Message History

You closely miss the chaos spawn.
Xiept gestures.
The eye of draining gazes at you.
You feel your power leaking away.
You slice Xiept!!
Xiept convulses!!!
You kill Xiept!
The Shining One accepts your kill.
The reaper disappears in a puff of smoke!
You slice the chaos spawn!!
You kill the chaos spawn!
The Shining One accepts your kill.
The chaos spawn degenerates into a cloud of primal chaos!
No target in view!
No target in view!
No target in view!
No target in view!
No target in view!
No target in view!
There is an open door here.
There is a staircase leading out of the dungeon here.
You have escaped!

#.........## #.............#
#..........# #.............#
#..........# #..............
#..........# #......[.......
#......)...##########...#.....
#..........#≈≈≈#≈#≈.'...#.....
#..........#≈##≈#≈###...#.....
#..........#≈≈#≈#≈###.........
#..........'≈@#≈#≈≈.#..#####+#
#..........#≈≈≈≈###.#......#.#
#.........§#≈##≈#.#.##.###.#.#
#......[.§.#≈≈≈≈#...##.# #.#.#
#........*.######'####.# #.#.#
###.................##.# #....
#.............###..#.# #....
#.............# ##.#.# #..##
#.............# #.#.# #..##


There were no monsters in sight!

Vanquished Creatures
  Cerebov (Pan)
  Asmodeus (Geh:7)
  Antaeus (Coc:7)
  the Royal Jelly (Slime:5)
  Gloorx Vloq (Pan)
  the Serpent of Hell (Coc:7)
  Mnoleg (Pan)
  Khufu (Tomb:3)
  Dispater (Dis:7)
  2 orbs of fire (Zot:5)
  9 ancient liches
  3 juggernauts
  27 greater mummies
  Boris (Crypt:2)
  13 pandemonium lords
  Margery (Crypt:2)
  8 Killer Klowns (Zot:5)
  2 shard shrikes
  A curse toe (Zot:5)
  4 caustic shrikes
  Geryon (Hell)
  13 bone dragons
  The ghost of 2ustice the Warrior, an adept DsFi of Yredelemnul (Dis:7)
  Jory (Vaults:4)
  15 golden dragons
  31 Tzitzimimeh
  2 electric golems (Zot:5)
  Arachne (Spider:2)
  26 Brimstone Fiends
  Rupert (D:12)
  6 doom hounds
  3 hellephants
  Jorgrun (Shoals:3)
  7 iron giants
  23 Ice Fiends
  12 Hell Sentinels
  32 Orb Guardians
  21 tentacled monstrosities
  13 titans
  2 deep elf blademasters
  2 deep elf master archers (Elf:3)
  23 liches
  8 quicksilver dragons
  Polyphemus (Shoals:3)
  21 acid blobs
  A kraken (Shoals:4)
  Gastronok (Lair:2)
  33 tentacled starspawn
  14 sphinxes
  Kirke (D:13)
  25 ancient champions
  35 Executioners
  5 death cobs
  5 tengu reavers
  7 eldritch tentacles
  5 draconian monks
  9 warmongers (Pan)
  7 revenants
  Roxanne (Elf:1)
  22 storm dragons
  Agnes (Elf:1)
  12 azure jellies
  12 shadow dragons
  A daeva (Abyss:3)
  Ilsuiw (Shoals:4)
  14 fire giants
  8 draconian knights
  13 iron dragons
  16 frost giants
  6 draconian scorchers
  Aizul (Spider:2)
  10 ghost moths
  12 deep elf sorcerers
  4 draconian shifters
  17 vault wardens
  11 draconian stormcallers
  An angel (Abyss:1)
  31 cacodemons
  4 emperor scorpions
  4 curse skulls
  2 orc warlords (Orc:1)
  37 balrugs
  6 deep elf elementalists
  5 draconian annihilators
  9 ghouls (Crypt:2)
  An elemental wellspring (Coc:7)
  8 entropy weavers
  16 ironheart preservers
  3 ophanim
  11 blood saints (Pan)
  13 green draconians
  15 war gargoyles
  35 stone giants
  14 black suns (Pan)
  Nessos (D:12)
  61 reapers
  10 vampire knights
  48 very ugly things
  14 black draconians
  14 corrupters (Pan)
  Azrael (Elf:1)
  16 lorocyprocas
  12 deep elf annihilators
  A deep elf demonologist (Elf:2)
  5 dire elephants
  13 purple draconians
  12 spark wasps
  11 yellow draconians
  13 white draconians
  10 red draconians
  8 deep elf death magi
  11 ettins
  Snorg (Lair:5)
  40 blizzard demons
  A spectral kraken (Tar:7)
  5 merfolk javelineers
  11 merfolk impalers
  7 eidola
  5 death oozes
  17 yaktaur captains
  7 quicksilver dragon zombies
  32 mummy priests
  30 green deaths
  9 fire dragons
  A kraken zombie (Hell)
  12 jiangshi
  3 deep elf high priests
  28 ice dragons
  6 quicksilver dragon skeletons
  36 vault guards
  12 rakshasas
  8 hydras
  20 great orbs of eyes
  Erica (D:9)
  Fannar (D:10)
  5 spriggan air magi
  2 catoblepae
  9 monstrous demonspawn (Pan)
  3 ghost crabs
  4 merfolk avatars
  64 two-headed ogres
  7 merfolk aquamancers (Shoals:4)
  8 centaur warriors
  3 alligator snapping turtles
  2 hell beasts (Pan)
  25 dancing weapons
  20 ogre magi
  4 satyrs
  A death knight (Crypt:2)
  6 vampire magi
  4 death yaks (Shoals:3)
  32 death scarabs
  21 hell hogs
  5 deep troll shamans
  5 deep troll earth magi
  9 tengu warriors
  5 orc high priests
  3 shock serpents (Pan)
  6 titan zombies
  3 spriggan berserkers
  32 hell knights
  22 thrashing horrors
  56 soul eaters
  23 deep elf knights
  7 titan skeletons
  11 iron golems (Dis:6)
  3 storm dragon zombies
  24 wretched stars
  7 spatial maelstroms
  90 sun demons
  2 spark wasp zombies
  37 sixfirhies
  2 death drakes
  11 anaconda zombies
  A fire crab (Lair:6)
  6 storm dragon skeletons
  8 sea snakes
  11 shadow wraiths
  147 skeletal warriors
  5 unseen horrors
  2 iron trolls
  20 flayed ghosts
  20 torturous demonspawn (Pan)
  8 golden dragon zombies
  A death drake (shapeshifter) (D:15)
  28 deep trolls
  40 shadow demons
  4 ghost moth zombies
  A sea snake (shapeshifter) (Elf:3)
  5 wizards
  2 cherubim
  21 deep elf archers
  18 gelid demonspawn (Pan)
  2 kraken simulacra
  2 golden dragon skeletons
  15 infernal demonspawn (Pan)
  14 ironbrand convokers
  7 necromancers
  9 glowing orange brains
  An orange crystal statue (Abyss:1)
  3 shadow dragon zombies
  8 anaconda skeletons
  2 tengu zombies (Hell)
  A mana viper (Abyss:4)
  2 wolf spider zombies
  13 orc knights
  24 phantasmal warriors
  5 iron dragon zombies
  12 harpies
  9 stone giant zombies
  Pikel (D:5)
  A salamander (D:15)
  7 orb spiders
  A mana viper (shapeshifter) (Abyss:5)
  4 fire giant zombies
  An oklob plant (Shoals:4)
  A sphinx zombie (Hell)
  9 shining eyes
  62 ugly things
  A wolf spider (shapeshifter) (Vaults:5)
  7 frost giant zombies
  8 orc sorcerers
  76 deep elf magi
  3 manticores (shapeshifter)
  15 moths of wrath
  5 fire giant skeletons
  33 cyclopes
  5 shadow dragon skeletons
  17 fauns
  A toenail golem (D:1)
  33 wolf spiders
  11 worldbinders
  23 manticores
  A moth of wrath (shapeshifter) (Vaults:5)
  3 shock serpent zombies
  8 stone giant skeletons
  6 iron dragon skeletons
  A guardian serpent (shapeshifter) (Vaults:3)
  3 water nymphs (Shoals:3)
  6 dire elephant zombies
  4 centaur zombies
  13 vault sentinels
  45 rust devils
  2 elf zombies
  5 black mambas
  10 merfolk sirens
  11 frost giant skeletons
  6 eyes of devastation
  11 molten gargoyles
  4 spiny frogs
  9 apocalypse crabs
  6 titan simulacra
  41 orange demons
  90 smoke demons
  3 shock serpent skeletons
  8 dire elephant skeletons
  7 ice statues
  2 emperor scorpion zombies
  4 storm dragon simulacra (Coc:7)
  A torpor snail (Spider:2)
  13 spectral swamp worms
  38 hellions
  8 efreet
  A rime drake (Lair:6)
  A sea snake zombie (Crypt:1)
  2 kobold demonologists
  59 tormentors
  118 starcursed masses
  82 yaktaurs
  2 yaktaurs (shapeshifter)
  2 catoblepas skeletons
  54 ice devils
  34 freezing wraiths
  24 ancient zymes
  45 guardian mummies
  A black draconian skeleton (Crypt:2)
  2 spriggan zombies (Hell)
  A komodo dragon (shapeshifter) (Vaults:4)
  51 red devils
  8 anaconda simulacra
  A minotaur zombie (Tar:7)
  14 komodo dragons
  3 silent spectres
  5 harpy zombies
  38 hellwings
  14 hydra zombies
  27 demonic crawlers
  A grey draconian skeleton (Crypt:3)
  6 tengu conjurers
  8 wind drakes
  35 merfolk
  6 meliai
  11 hornets
  A purple draconian skeleton (Crypt:2)
  18 trolls
  26 jumping spiders
  3 meliai (shapeshifter)
  8 polar bears
  3 ice dragon zombies
  A snapping turtle (shapeshifter) (Vaults:5)
  9 hydra skeletons
  An iron dragon simulacrum (Coc:7)
  61 raiju
  68 slime creatures
  23 blink frogs
  6 harpy skeletons
  A meliai zombie (D:14)
  6 dream sheep
  4 fire dragon zombies
  13 hippogriffs
  10 bog bodies
  2 deep troll zombies (Hell)
  14 snapping turtles
  A fire giant simulacrum (Crypt:3)
  A raiju (shapeshifter) (Vaults:3)
  9 alligator zombies
  13 air elementals
  114 flying skulls
  7 ettin zombies
  A spriggan (shapeshifter) (Depths:1)
  A spriggan (D:12)
  3 ettin skeletons
  123 large abominations
  27 tarantellas
  A vampire (Abyss:3)
  A dire elephant simulacrum (Coc:1)
  63 redbacks
  2 black mamba zombies
  6 ice dragon skeletons
  4 alligator skeletons
  2 yaks (shapeshifter)
  7 fire dragon skeletons
  26 fire elementals
  20 humans (D:14)
  2 tarantellas (shapeshifter)
  5 wyverns
  32 yaks
  73 ynoxinuls
  A redback (shapeshifter) (Abyss:3)
  22 water elementals
  28 wraiths
  24 shadows
  21 golden eyes
  25 ushabtiu
  3 black mamba skeletons
  43 small abominations
  A basilisk (shapeshifter) (Vaults:4)
  A basilisk (Lair:6)
  A human (shapeshifter) (Abyss:3)
  A wind drake skeleton (Crypt:1)
  6 hogs (D:13)
  7 fire bats
  A steam dragon (shapeshifter) (Depths:4)
  45 neqoxecs
  7 hungry ghosts
  7 insubstantial wisps
  8 vampire mosquitoes
  40 chaos spawn
  Menkaure (D:7)
  2 steam dragons
  9 wargs
  A torturous demonspawn zombie (Crypt:3)
  Edmund (D:4)
  15 spatial vortices
  11 spiny frog zombies
  2 soldier ants (shapeshifter)
  8 hydra simulacra
  56 hell hounds
  Duvessa (D:7)
  A floating eye (Pan)
  13 porcupines
  9 water moccasins
  An infernal demonspawn skeleton (Crypt:2)
  3 slaves
  3 merfolk skeletons
  36 orc warriors
  2 sky beasts
  8 ice beasts
  5 spiny frog skeletons
  An alligator simulacrum (Hell)
  8 black bears
  A black bear (shapeshifter) (Vaults:1)
  2 snapping turtle zombies
  24 necrophages
  3 swamp dragon zombies
  2 ice dragon simulacra
  3 swamp dragon skeletons
  2 manticore zombies
  18 centaurs
  50 ogres
  9 phantoms
  11 eyes of draining
  12 wolves
  A manticore skeleton (Geh:5)
  10 boggarts
  10 crocodiles
  20 big kobolds
  5 snapping turtle skeletons
  A yaktaur zombie (Crypt:1)
  16 bullfrogs
  2 earth elementals
  A komodo dragon skeleton (Crypt:1)
  Dowan (D:7)
  A spiny frog simulacrum (Crypt:3)
  A wyvern skeleton (D:9)
  A water moccasin skeleton (D:5)
  2 scorpions
  8 killer bees
  A raiju zombie (Crypt:2)
  50 wights
  6 howler monkeys
  4 electric eels
  5 lava snakes (Lair:6)
  21 crimson imps
  3 bullfrog zombies
  7 quasits
  4 hounds
  9 human zombies
  3 jellies
  Crazy Yiuf (D:7)
  3 bullfrog skeletons
  21 orc priests
  33 iron imps
  23 orc wizards
  4 centaur skeletons
  Jessica (D:3)
  Ijyb (D:4)
  Terence (D:3)
  3 human skeletons
  4 iguanas
  11 worker ants
  An ogre zombie (Dis:7)
  An ogre skeleton (Crypt:3)
  A dwarf skeleton (Crypt:2)
  A demigod skeleton (Crypt:2)
  A hound skeleton (D:5)
  55 mummies
  A worker ant zombie (D:11)
  Robin (D:2)
  14 adders
  19 shadow imps
  28 white imps
  16 ufetubi
  6 oozes
  A worm zombie (Crypt:2)
  An iguana skeleton (Crypt:3)
  4 worms
  A worm (shapeshifter) (Vaults:2)
  A ball lightning (Pan)
  3 dart slugs
  9 leopard geckos
  64 orcs
  A ball python (D:1)
  6 bats
  10 giant cockroaches
  17 goblins
  5 hobgoblins
  21 jackals
  7 quokkas
  7 frilled lizards
  A hobgoblin zombie (Crypt:3)
  24 kobolds
  2 kobold zombies
  A leopard gecko skeleton (D:7)
  A quokka skeleton (D:4)
  5 rats
  A rat zombie (Crypt:1)
  3 bushes (Abyss:3)
  8 demonic plants (Abyss:3)
  6 fire vortices (Pan)
  6 fungi
  3 lurking horrors
  10 plants
  41 starspawn tentacles
  8 tentacles
6006 creatures vanquished.

Vanquished Creatures (collateral kills)
  Ereshkigal (Tar:7)
  Lom Lobon (Pan)
  7 greater mummies
  A Tzitzimitl (Tar:7)
  A titan (Pan)
  2 ancient champions (Tomb:3)
  A revenant (Tomb:3)
  2 fire giants
  2 elemental wellsprings (Coc:7)
  A blood saint (Pan)
  3 reapers
  A stone giant (Vaults:3)
  A spark wasp (Spider:4)
  A lorocyproca (Depths:2)
  4 mummy priests
  A blizzard demon (Coc:7)
  A yaktaur captain (Vaults:3)
  2 ogre magi (Abyss:4)
  10 death scarabs (Tomb:3)
  A soul eater (Pan)
  A storm dragon zombie (Tar:7)
  A shadow wraith (Pan)
  5 skeletal warriors
  A sea snake (Shoals:3)
  2 shadow demons (Tar:7)
  A moth of wrath (Spider:4)
  A spiny frog (shapeshifter) (Abyss:4)
  A komodo dragon (Lair:2)
  A yaktaur (Vaults:3)
  An anaconda simulacrum (Coc:7)
  7 guardian mummies
  An ice devil (Coc:7)
  A wind drake (Shoals:3)
  A hornet (Spider:4)
  2 raiju (Abyss:4)
  5 flying skulls
  7 redbacks (Spider:2)
  3 ushabtiu (Tomb:2)
  A swamp dragon zombie (Coc:7)
  9 mummies
  2 ball lightnings (Pan)
98 creatures vanquished.

Vanquished Creatures (others)
  A tentacled monstrosity (Zot:3)
  A tentacled starspawn (Abyss:1)
  2 eldritch tentacles
  A fire giant (D:11)
  A draconian knight (Zot:3)
  A draconian stormcaller (Depths:5)
  An elemental wellspring (Coc:7)
  A yellow draconian (Zot:5)
  A red draconian (Zot:2)
  A yaktaur captain (Vaults:5)
  A spriggan air mage (Depths:5)
  3 hell hogs
  A deep elf knight (Elf:2)
  A skeletal warrior (Tomb:2)
  A sixfirhy (Pan)
  A flayed ghost (Geh:6)
  A golden dragon zombie (Tomb:2)
  A wizard (Pan)
  A glowing orange brain (Abyss:5)
  A deep elf mage (Elf:2)
  An ugly thing (Depths:5)
  A stone giant zombie (Tomb:2)
  6 moths of wrath
  A cyclops (D:13)
  2 starcursed masses
  A smoke demon (Abyss:1)
  A yaktaur (Depths:5)
  A water elemental (D:13)
  A fire bat (shapeshifter) (Abyss:4)
  A fire elemental (Hell)
  A human (D:13)
  A fire bat (Pan)
  A hell hound (Elf:1)
  An orc warrior (Orc:1)
  2 centaurs (D:13)
  A wight (Dis:1)
  2 electric eels (D:13)
  2 jellies
  A mummy (Tomb:2)
  3 white imps (IceCv)
  An ufetubus (IceCv)
  A ball lightning (Pan)
  53 fungi
  3 lurking horrors
  27 plants
  67 starspawn tentacles
  22 tentacles
228 creatures vanquished.

Grand Total: 6332 creatures vanquished

Notes
Turn   | Place    | Note
-------+----------+-------------------------------------------
     0 | D:1      | GordonOverkill the Gargoyle Berserker began the quest for the Orb.
     0 | D:1      | Reached XP level 1. HP: 14/14 MP: 1/1
    15 | D:1      | Reached XP level 2. HP: 9/19 MP: 2/2
   883 | D:1      | Reached XP level 3. HP: 23/23 MP: 3/3
  1238 | D:2      | Found a radiant altar of Vehumet.
  1320 | D:2      | Noticed Robin
  1347 | D:2      | Killed Robin
  1358 | D:2      | Reached XP level 4. HP: 17/29 MP: 4/4
  1404 | D:2      | Reached ** piety under Trog
  1778 | D:2      | Found a white marble altar of Elyvilon.
  1825 | D:2      | Reached XP level 5. HP: 25/33 MP: 5/5
  2085 | D:3      | Found a bloodstained altar of Trog.
  2144 | D:3      | Found a hazy altar of Hepliaklqana.
  2153 | D:3      | Noticed Jessica
  2156 | D:3      | Killed Jessica
  2387 | D:3      | Noticed Terence
  2395 | D:3      | Killed Terence
  2673 | D:3      | Reached skill level 5 in Axes
  2673 | D:3      | Reached XP level 6. HP: 38/38 MP: 6/6
  3315 | D:4      | Reached *** piety under Trog
  3501 | D:4      | Noticed Edmund
  3515 | D:4      | Killed Edmund
  3515 | D:4      | Reached XP level 7. HP: 43/43 MP: 7/7
  3673 | D:4      | Noticed Ijyb
  3681 | D:4      | Killed Ijyb
  4271 | D:5      | Entered Level 5 of the Dungeon
  4516 | D:5      | Reached XP level 8. HP: 48/48 MP: 8/8
  4830 | D:5      | Noticed Pikel
  4965 | D:5      | Killed Pikel
  5290 | D:5      | Found a hide-covered altar of Uskayaw.
  5290 | D:5      | Found an ornate altar of the Wu Jian Council.
  5633 | D:6      | Reached skill level 10 in Axes
  5663 | D:6      | Reached XP level 9. HP: 50/52 MP: 9/9
  5949 | D:6      | Found a burning altar of Makhleb.
  6159 | D:7      | Reached **** piety under Trog
  6331 | D:7      | Noticed Duvessa
  6333 | D:7      | Noticed Dowan
  6343 | D:7      | Killed Duvessa
  6356 | D:7      | Killed Dowan
  6669 | D:7      | Noticed Menkaure
  6673 | D:7      | Killed Menkaure
  6996 | D:7      | Found a staircase to the Ecumenical Temple.
  7065 | D:7      | Found a runed door.
  7069 | D:7      | Noticed Crazy Yiuf
  7074 | D:7      | Killed Crazy Yiuf
  7227 | D:7      | Found a faded altar of an unknown god.
  7227 | D:7      | Found a faded altar of an unknown god.
  7232 | D:7      | Found a snail-covered altar of Cheibriados.
  7234 | D:7      | Found a blossoming altar of Fedhas.
  7236 | D:7      | Found a glowing silver altar of Zin.
  7444 | D:8      | Found an opulent altar of Gozag.
  7605 | D:8      | Reached XP level 10. HP: 56/56 MP: 10/10
  8052 | D:8      | You fall through a shaft for 2 floors!
  8052 | D:10     | Entered Level 10 of the Dungeon
  8052 | D:10     | Noticed a two-headed ogre
  8054 | D:10     | Noticed a two-headed ogre
  8056 | D:10     | Noticed Fannar
  8124 | D:9      | Killed a two-headed ogre
  8154 | D:9      | Noticed Erica
  8185 | D:9      | Killed Erica
  8288 | D:9      | Reached ***** piety under Trog
  8421 | D:10     | Killed a two-headed ogre
  8470 | D:10     | Killed Fannar
  8535 | D:9      | Reached XP level 11. HP: 38/61 MP: 11/11
  8818 | D:9      | Reached skill level 5 in Fighting
  9424 | D:9      | Found a staircase to the Orcish Mines.
  9747 | D:9      | Found a staircase to the Lair.
 10706 | D:10     | Found Sorif's Armour Shop.
 10714 | D:10     | Bought a +0 pair of boots for 67 gold pieces
 11268 | D:11     | Noticed a cyclops
 11273 | D:11     | Killed a cyclops
 11281 | D:11     | Reached skill level 15 in Axes
 11408 | D:11     | Received a gift from Trog
 11944 | D:11     | Noticed a sixfirhy
 11953 | D:11     | Reached XP level 12. HP: 71/75 MP: 12/12
 12622 | Lair:1   | Entered Level 1 of the Lair of Beasts
 12641 | Lair:1   | Noticed a seven-headed hydra
 12649 | Lair:1   | Killed a seven-headed hydra
 13969 | Lair:2   | Identified a scroll of acquirement
 13972 | Lair:2   | Got a pair of spiked gloves
 13973 | Lair:2   | Identified the +4 pair of gloves of the Eight Demons {Int+7 Dex+2} (You acquired it on level 2 of the Lair of Beasts)
 14025 | Lair:2   | Reached skill level 10 in Fighting
 14346 | Lair:2   | Noticed Gastronok
 14362 | Lair:2   | Killed Gastronok
 14362 | Lair:2   | Received a gift from Trog
 14826 | Lair:2   | Found a staircase to the Shoals.
 14855 | Lair:2   | Reached skill level 5 in Armour
 15405 | Lair:3   | Noticed a seven-headed hydra
 15413 | Lair:3   | Killed a four-headed hydra
 15413 | Lair:3   | Reached XP level 13. HP: 82/82 MP: 13/13
 16309 | Lair:4   | Found a hole to the Spider Nest.
 16484 | Lair:4   | Reached skill level 10 in Armour
 17445 | Lair:5   | Found a labyrinth entrance.
 17450 | Lair:5   | Got a dazzling cloak
 17461 | Lair:5   | Identified the +0 cloak "Joedud" {+Fly rC+ MP+9 Dex+3} (You acquired it on level 5 of the Lair of Beasts)
 17678 | Lair:5   | Noticed Snorg
 17686 | Lair:5   | Killed Snorg
 17923 | Lair:5   | Found a runed door.
 17923 | Lair:5   | Found a viscous altar of Jiyva.
 17927 | Lair:5   | Found a staircase to the Slime Pits.
 18184 | Lair:6   | Entered Level 6 of the Lair of Beasts
 18771 | Lair:6   | Gained mutation: Your large and strong wings let you fly indefinitely. [Gargoyle growth]
 18771 | Lair:6   | Reached XP level 14. HP: 64/88 MP: 14/14
 19285 | Lair:6   | Found a large runed door.
 19285 | Lair:6   | Found a large runed door.
 19953 | D:12     | Received a gift from Trog
 20022 | D:12     | Noticed a fire giant
 20023 | D:12     | Noticed a frost giant
 20023 | D:12     | Noticed a fire giant
 20026 | D:12     | Noticed a tengu reaver
 20037 | D:12     | Killed a fire giant
 20046 | D:12     | Killed a frost giant
 20298 | D:11     | Killed a fire giant
 20424 | D:12     | Killed a tengu reaver
 20654 | D:12     | Received a gift from Trog
 20667 | D:12     | Got a warped executioner's axe {god gift}
 20671 | D:12     | Identified the +1 executioner's axe of the Pyrrhic Victory {vamp, *Slow rF++ rC++} (Trog gifted it to you on level 12 of the Dungeon)
 20907 | D:12     | Noticed Rupert
 20922 | D:12     | Killed Rupert
 21108 | D:12     | Found a shadowy altar of Dithmenos.
 21311 | D:12     | Noticed Nessos
 21336 | D:12     | Killed Nessos
 21751 | D:13     | Identified the Reference Book on Fire and Transmutation
 21848 | D:13     | Noticed Kirke
 21870 | D:13     | Killed Kirke
 21874 | D:13     | Reached XP level 15. HP: 92/92 MP: 15/15
 22465 | D:14     | Received a gift from Trog
 22758 | D:14     | Received a gift from Trog
 22829 | D:15     | Entered Level 15 of the Dungeon
 22959 | D:15     | Noticed an emperor scorpion
 22975 | D:15     | Killed an emperor scorpion
 23266 | D:15     | Found a blossoming altar of Fedhas.
 23745 | D:14     | Found a gate to the Vaults.
 24084 | D:14     | Received a gift from Trog
 24314 | D:15     | Reached ****** piety under Trog
 24317 | D:15     | Reached XP level 16. HP: 105/105 MP: 16/16
 24463 | D:15     | Found a staircase to the Depths.
 25049 | Orc:1    | Entered Level 1 of the Orcish Mines
 25149 | Orc:2    | Entered Level 2 of the Orcish Mines
 25334 | Orc:2    | Found Olyiclid's Antique Weapon Boutique.
 25364 | Orc:1    | Reached skill level 15 in Fighting
 25504 | Orc:2    | Found a staircase to the Elven Halls.
 25611 | Orc:2    | Received a gift from Trog
 25631 | Orc:2    | Got a slimy executioner's axe {god gift}
 25641 | Orc:2    | Identified the +10 executioner's axe "Ere Biti" {protect, *Drain rElec rN+} (Trog gifted it to you on level 2 of the Orcish Mines)
 25928 | Orc:2    | Found Kujamp's Antique Weapon Shop.
 25928 | Orc:2    | Found Bojex's Armour Shoppe.
 25953 | Orc:2    | Found Dukos's Antique Armour Shoppe.
 25953 | Orc:2    | Found Jixtydu's General Store.
 25960 | Orc:2    | Bought a +2 cloak of invisibility for 322 gold pieces
 25977 | Orc:2    | Bought a potion of mutation for 96 gold pieces
 25977 | Orc:2    | Bought a scroll of silence for 90 gold pieces
 25978 | Orc:2    | Bought a shiny plate armour for 624 gold pieces
 26097 | Orc:1    | Reached skill level 1 in Evocations
 26185 | Orc:1    | Received a gift from Trog
 26421 | Orc:1    | Found a roughly hewn altar of Beogh.
 26805 | Spider:1 | Entered Level 1 of the Spider Nest
 26977 | Spider:1 | Reached skill level 5 in Dodging
 27179 | Spider:1 | Found a frozen archway.
 27186 | IceCv    | Entered an ice cave
 28056 | Spider:2 | Noticed Aizul
 28065 | Spider:2 | Killed Aizul
 28106 | Spider:2 | Noticed Arachne
 28121 | Spider:2 | Reached skill level 5 in Evocations
 28126 | Spider:2 | Killed Arachne
 28130 | Spider:2 | Received a gift from Trog
 28141 | Spider:2 | Reached XP level 17. HP: 101/113 MP: 19/21
 29780 | Spider:3 | Received a gift from Trog
 30067 | Spider:4 | Entered Level 4 of the Spider Nest
 30834 | Spider:4 | Got a gossamer rune of Zot
 30980 | Spider:4 | Received a gift from Trog
 31619 | Vaults:1 | Entered Level 1 of the Vaults
 31858 | Vaults:1 | Reached XP level 18. HP: 79/119 MP: 23/23
 32249 | Vaults:1 | Found Watik's Distillery.
 32278 | Vaults:1 | Bought 2 potions of heal wounds for 120 gold pieces
 32278 | Vaults:1 | Bought a potion of agility for 48 gold pieces
 32292 | Vaults:1 | Reached XP level 19. HP: 124/124 MP: 24/24
 32405 | Vaults:1 | Reached skill level 15 in Armour
 32911 | Vaults:1 | Found a portal to a secret trove of treasure.
 32940 | Trove    | Entered a treasure trove
 32956 | Trove    | Got a scorched shield
 32984 | Trove    | Got a pair of shimmering boots
 32985 | Trove    | Identified the +1 pair of boots "Oshabb" {+Inv rF++ Int-4 Dex+4} (You found it in a treasure trove)
 32998 | Trove    | Got a twisted shield
 33055 | Trove    | Identified the +0 shield of Charity {rC+ Dex+2} (You found it in a treasure trove)
 33065 | Trove    | Identified the +1 shield of Miracles {rF+ Dex+3} (You found it in a treasure trove)
 33488 | Shoals:1 | Entered Level 1 of the Shoals
 33729 | Shoals:1 | Reached skill level 10 in Dodging
 34436 | Shoals:2 | Reached * piety under Trog
 35309 | Shoals:3 | Noticed Polyphemus
 35336 | Shoals:3 | Killed Polyphemus
 35569 | Shoals:3 | Noticed Jorgrun
 35585 | Shoals:3 | Killed Jorgrun
 36354 | Shoals:4 | Entered Level 4 of the Shoals
 36441 | Shoals:4 | Reached XP level 20. HP: 99/136 MP: 25/25
 37115 | Shoals:4 | Noticed Ilsuiw
 37134 | Shoals:4 | Killed Ilsuiw
 37218 | Shoals:4 | Received a gift from Trog
 37476 | Shoals:4 | Found an opulent altar of Gozag.
 37868 | Shoals:4 | Got a barnacled rune of Zot
 39467 | Vaults:2 | Reached XP level 21. HP: 146/146 MP: 26/26
 39783 | Vaults:2 | Found Ifigint's Antique Armour Shoppe.
 40520 | Vaults:3 | Found a staircase to the Crypt.
 40520 | Vaults:3 | Found an ancient bone altar of Kikubaaqudgha.
 40521 | Vaults:3 | Found a basalt altar of Yredelemnul.
 40592 | Vaults:3 | Received a gift from Trog
 40833 | Vaults:3 | Received a gift from Trog
 41682 | Vaults:3 | Received a gift from Trog
 41869 | Vaults:3 | Found Vehoikiez's Antique Armour Shoppe.
 41876 | Vaults:3 | Bought an ancient plate armour for 1120 gold pieces
 41876 | Vaults:3 | Identified the +1 plate armour of an ice cave {+Blink rC+} (You bought it in a shop on level 3 of the Vaults)
 42311 | Vaults:4 | Noticed Jory
 42326 | Vaults:4 | Reached XP level 22. HP: 152/152 MP: 27/27
 42338 | Vaults:4 | Killed Jory
 42376 | Vaults:4 | Received a gift from Trog
 42882 | Vaults:4 | Found Zuziudyd's Assorted Antiques.
 42890 | Vaults:4 | Bought a scroll of summoning for 342 gold pieces
 42890 | Vaults:4 | Bought 2 scrolls of identify for 144 gold pieces
 42890 | Vaults:4 | Bought a scroll of blinking for 270 gold pieces
 43570 | Depths:1 | Entered Level 1 of the Depths
 43608 | Depths:1 | Received a gift from Trog
 43696 | Depths:1 | Found Eniboe Azoh's Assorted Antiques.
 43759 | Depths:1 | Bought a scroll of silence for 180 gold pieces
 43759 | Depths:1 | Bought a potion of might for 96 gold pieces
 43759 | Depths:1 | Bought a scroll of teleportation for 72 gold pieces
 43759 | Depths:1 | Bought a scroll of identify for 48 gold pieces
 43864 | Depths:1 | Found a glowing golden altar of the Shining One.
 43897 | Depths:1 | Found a gateway to Hell.
 44151 | Depths:1 | Found a hazy altar of Hepliaklqana.
 44273 | Depths:1 | Found a one-way gate leading to the halls of Pandemonium.
 44498 | Depths:1 | Found a one-way gate to the infinite horrors of the Abyss.
 44592 | Depths:2 | Reached XP level 23. HP: 146/161 MP: 28/28
 44820 | Depths:2 | Noticed a juggernaut
 45170 | Depths:2 | Received a gift from Trog
 45400 | Depths:2 | Killed a juggernaut
 45567 | Depths:2 | Noticed a caustic shrike
 45583 | Depths:2 | Killed a caustic shrike
 45735 | Depths:2 | Got a flickering ivory ring
 45736 | Depths:2 | Identified the ring "Situnum" {rC+ Str+2 Slay+3} (You took it off a frost giant on level 2 of the Depths)
 45766 | Depths:2 | Got a glittering lead amulet
 45827 | Depths:2 | Identified the amulet of Conflict {+Rage Dex+6} (You took it off a frost giant on level 2 of the Depths)
 45831 | Depths:2 | Got a scintillating tin ring
 45831 | Depths:2 | Got a crude brass ring
 45832 | Depths:2 | Identified the ring "Ulecuy" {Ice Str+4 Int+5 Dex-3} (You took it off a spriggan berserker on level 2 of the Depths)
 45833 | Depths:2 | Identified the ring "Pamifoen" {*Tele rC++ Str+2} (You took it off a frost giant on level 2 of the Depths)
 46181 | Depths:3 | Received a gift from Trog
 46798 | Depths:3 | Noticed a golden dragon
 46810 | Depths:3 | Killed a golden dragon
 46826 | Depths:3 | Noticed a golden dragon
 46835 | Depths:3 | Noticed a juggernaut
 46835 | Depths:4 | Found Tutajofigu's Distillery.
 46959 | Depths:4 | Bought a potion of curing for 42 gold pieces
 46959 | Depths:4 | Bought a potion of might for 56 gold pieces
 46959 | Depths:4 | Bought a potion of haste for 140 gold pieces
 46961 | Depths:4 | Bought a potion of cancellation for 112 gold pieces
 46976 | Depths:4 | Received a gift from Trog
 47064 | Depths:3 | Killed a juggernaut
 47064 | Depths:3 | Reached XP level 24. HP: 174/174 MP: 28/28
 47241 | Depths:3 | Noticed a juggernaut
 47254 | Depths:3 | Killed a juggernaut
 47965 | Depths:4 | Received a gift from Trog
 48014 | Depths:4 | Found Suxt's Armour Boutique.
 48550 | Depths:4 | Received a gift from Trog
 48749 | Depths:4 | Paralysed by a great orb of eyes for 7 turns
 48867 | Depths:4 | Found Feul's Weapon Shoppe.
 49136 | Depths:5 | Entered Level 5 of the Depths
 49139 | Depths:5 | Found a gateway to a ziggurat.
 49497 | Depths:5 | Reached XP level 25. HP: 157/185 MP: 28/28
 49515 | Depths:5 | Found a gate to the Realm of Zot.
 49621 | Depths:5 | Reached skill level 27 in Fighting
 51077 | Elf:1    | Entered Level 1 of the Elven Halls
 51164 | Elf:1    | Received a gift from Trog
 51247 | Elf:1    | Noticed Azrael
 51264 | Elf:1    | Killed Azrael
 51579 | Elf:1    | Received a gift from Trog
 51645 | Elf:1    | Noticed Roxanne
 51661 | Elf:1    | Killed Roxanne
 51774 | Elf:1    | Found Qij Xuas's Book Shoppe.
 51887 | Elf:1    | Noticed Agnes
 51897 | Elf:1    | Killed Agnes
 52290 | Elf:2    | Received a gift from Trog
 52591 | Elf:2    | Found a runed gate.
 52591 | Elf:2    | Found a runed gate.
 52592 | Elf:2    | Found a runed gate.
 52814 | Elf:2    | Received a gift from Trog
 52860 | Elf:2    | Reached skill level 15 in Dodging
 53226 | Elf:3    | Entered Level 3 of the Elven Halls
 53700 | Elf:3    | Received a gift from Trog
 53909 | Elf:3    | Reached XP level 26. HP: 159/193 MP: 9/28
 54747 | Elf:3    | Received a gift from Trog
 55256 | Vaults:5 | Entered Level 5 of the Vaults
 56071 | Vaults:5 | Noticed an ancient lich
 56080 | Vaults:4 | Received a gift from Trog
 56180 | Vaults:4 | Killed an ancient lich
 56278 | Vaults:5 | Noticed an ancient lich
 56294 | Vaults:4 | Killed an ancient lich
 56888 | Vaults:5 | Got a crude golden amulet
 56925 | Vaults:5 | Reached XP level 27. HP: 199/199 MP: 28/28
 57010 | Vaults:5 | Found the +7 Spriggan's Knife {MR+ EV+4 Dex+4 Stlth+}
 57018 | Vaults:5 | Got a heavily runed zirconium amulet
 57019 | Vaults:5 | Identified the amulet "Beoppid" {+Rage rElec} (You took it off a vault warden on level 5 of the Vaults)
 57021 | Vaults:5 | Identified the amulet of Day {Gourm rPois rN++ Dex-4} (You found it on level 5 of the Vaults)
 57550 | Vaults:5 | Got faintly humming shadow dragon scales
 57586 | Vaults:5 | Identified the cursed +0 shadow dragon scales "Ciavahat" {*Corrode Int+2 SInv Stlth++++} (You took it off a vault warden on level 5 of the Vaults)
 57685 | Vaults:5 | Got a silver rune of Zot
 57688 | Vaults:5 | Got a fine plate armour
 57699 | Vaults:5 | Identified the cursed +0 plate armour of Free Expression {*Drain +Blink MR+++ Int-2} (You found it on level 5 of the Vaults)
 58420 | Zot:1    | Entered Level 1 of the Realm of Zot
 58469 | Hell     | Entered the Vestibule of Hell
 58469 | Hell     | Noticed Geryon
 58518 | Hell     | Killed Geryon
 58614 | Hell     | Found a gateway to the ashen valley of Gehenna.
 58664 | Hell     | Found a gateway to the Iron City of Dis.
 58699 | Hell     | Received a gift from Trog
 58793 | Hell     | Received a gift from Trog
 58856 | Hell     | Found a gateway to the freezing wastes of Cocytus.
 58902 | Hell     | Found a gateway to the decaying netherworld of Tartarus.
 60945 | Zot:2    | Received a gift from Trog
 61251 | Zot:2    | Cast into level 5 of the Abyss (a Zot trap)
 61251 | Abyss:5  | Entered Level 5 of the Abyss
 61277 | Abyss:5  | Found a snail-covered altar of Cheibriados.
 61586 | Zot:2    | Escaped the Abyss
 61850 | Zot:3    | Received a gift from Trog
 62527 | Zot:3    | Found a transporter.
 62538 | Zot:3    | Found a transporter.
 63553 | Zot:5    | Entered Level 5 of the Realm of Zot
 63560 | Zot:5    | Received a gift from Trog
 63849 | Zot:5    | Noticed an ancient lich
 63870 | Zot:5    | Killed an ancient lich
 63889 | Zot:5    | Noticed an ancient lich
 64095 | Zot:4    | Killed an ancient lich
 64282 | Zot:5    | Noticed an ancient lich
 64300 | Zot:5    | Killed an ancient lich
 64478 | Zot:5    | Noticed an orb of fire
 64481 | Zot:5    | Gained mutation: You have very sharp teeth. [an orb of fire]
 64488 | Zot:5    | Gained mutation: You are frail. (-10% HP) [an orb of fire]
 64493 | Zot:5    | Killed an orb of fire
 64661 | Zot:5    | Noticed an orb of fire
 64677 | Zot:5    | Killed an orb of fire
 64737 | Zot:5    | Reached skill level 27 in Axes
 64747 | Zot:5    | Received a gift from Trog
 64796 | Zot:5    | Noticed an ancient lich
 64811 | Zot:5    | Killed an ancient lich
 64978 | Zot:5    | Received a gift from Trog
 65008 | Zot:5    | Got a steaming battleaxe {god gift}
 65009 | Zot:5    | Identified the +1 battleaxe "Xuruol" {chop, rF+ rC+ Int+4 Dex+2} (Trog gifted it to you on level 5 of the Realm of Zot)
 65106 | Zot:5    | Noticed an ancient lich
 65116 | Zot:5    | Killed an ancient lich
 65366 | Depths:5 | Voluntarily entered the Abyss.
 65475 | Abyss:1  | Found a corrupted altar of Lugonu.
 65573 | Abyss:1  | Paralysed by accursed screaming for 1 turns
 65776 | Abyss:1  | Found a corrupted altar of Lugonu.
 65912 | Abyss:1  | Found an ornate altar of the Wu Jian Council.
 66343 | Abyss:2  | Received a gift from Trog
 66356 | Abyss:2  | Got a scorched battleaxe {god gift}
 66373 | Abyss:2  | Identified the +10 battleaxe of Extinguishment {freeze, MR+} (Trog gifted it to you on level 2 of the Abyss)
 66934 | Abyss:3  | Paralysed by accursed screaming for 1 turns
 66937 | Abyss:3  | Paralysed by accursed screaming for 1 turns
 67035 | Abyss:3  | Received a gift from Trog
 67215 | Abyss:3  | Reached skill level 27 in Armour
 67244 | Abyss:3  | Found an ancient bone altar of Kikubaaqudgha.
 67246 | Abyss:3  | Found a viscous altar of Jiyva.
 67379 | Abyss:3  | Found an ancient bone altar of Kikubaaqudgha.
 67424 | Abyss:3  | Received a gift from Trog
 67965 | Abyss:3  | Paralysed by accursed screaming for 1 turns
 67976 | Abyss:3  | Paralysed by accursed screaming for 1 turns
 67977 | Abyss:3  | Received a gift from Trog
 68323 | Abyss:3  | Paralysed by accursed screaming for 1 turns
 68544 | Abyss:3  | Received a gift from Trog
 69502 | Abyss:4  | Paralysed by accursed screaming for 1 turns
 69506 | Abyss:4  | Received a gift from Trog
 69530 | Abyss:4  | Gained mutation: You are dopey. (Int -2) [a neqoxec]
 69644 | Abyss:4  | Noticed an ancient lich
 69663 | Abyss:4  | Killed an ancient lich
 69726 | Abyss:4  | Received a gift from Trog
 69928 | Abyss:4  | Paralysed by accursed screaming for 1 turns
 69959 | Abyss:4  | Gained mutation: Scrolls take you a little longer to read. [a neqoxec]
 69962 | Abyss:4  | Gained mutation: Armour fits poorly on your strangely shaped body. [a neqoxec]
 69966 | Abyss:4  | Gained mutation: Your spells are a little harder to cast, but a little more powerful. [a neqoxec]
 70086 | Abyss:4  | Received a gift from Trog
 70137 | Abyss:4  | Got an abyssal rune of Zot
 70168 | Depths:5 | Escaped the Abyss
 70777 | Slime:1  | Entered Level 1 of the Pits of Slime
 71136 | Slime:5  | Entered Level 5 of the Pits of Slime
 71164 | Slime:5  | Gained mutation: You have a pair of small horns on your head. [a shining eye]
 71164 | Slime:5  | Gained mutation: Scrolls take you longer to read. [a shining eye]
 71169 | Slime:5  | Gained mutation: You expend magic power (3 MP) to strengthen your wands. [a shining eye]
 71210 | Slime:5  | Noticed the Royal Jelly
 71210 | Slime:5  | Received a gift from Trog
 71335 | Slime:4  | Gained mutation: You tend to lose your temper in combat. [a shining eye]
 71553 | Slime:5  | Gained mutation: You do not regenerate when monsters are visible. [a shining eye]
 71554 | Slime:5  | Gained mutation: Your body sometimes deteriorates upon taking damage. [a shining eye]
 71652 | Slime:5  | Gained mutation: You are very frail. (-20% HP) [a shining eye]
 71668 | Slime:5  | Found a viscous altar of Jiyva.
 71671 | Slime:5  | Found the +5 demon whip "Spellbinder" {antimagic, MR+}
 72181 | Slime:5  | Killed the Royal Jelly
 72362 | Slime:5  | Got a slimy rune of Zot
 72558 | Lair:5   | Lost mutation: You are dopey. (Int -2) [potion of mutation]
 72558 | Lair:5   | Lost mutation: Your spells are a little harder to cast, but a little more powerful. [potion of mutation]
 72558 | Lair:5   | Lost mutation: Armour fits poorly on your strangely shaped body. [potion of mutation]
 72558 | Lair:5   | Gained mutation: Your body often deteriorates upon taking damage. [potion of mutation]
 72558 | Lair:5   | Gained mutation: You have a somewhat thin skeletal structure. (Dex +2, Stealth) [potion of mutation]
 72558 | Lair:5   | Gained mutation: You have large cloven feet. [potion of mutation]
 72559 | Lair:5   | Lost mutation: Scrolls take you longer to read. [potion of mutation]
 72559 | Lair:5   | Lost mutation: Scrolls take you a little longer to read. [potion of mutation]
 72559 | Lair:5   | Gained mutation: You have sharp fingernails. [potion of mutation]
 72560 | Lair:5   | Lost mutation: Your body often deteriorates upon taking damage. [potion of mutation]
 72560 | Lair:5   | Lost mutation: You have very sharp teeth. [potion of mutation]
 72560 | Lair:5   | Lost mutation: You have a pair of small horns on your head. [potion of mutation]
 72560 | Lair:5   | Gained mutation: Scrolls take you a little longer to read. [potion of mutation]
 72560 | Lair:5   | Gained mutation: You are partially covered in molten scales. (AC +2) [potion of mutation]
 72561 | Lair:5   | Lost mutation: You are very frail. (-20% HP) [potion of mutation]
 72561 | Lair:5   | Lost mutation: You are partially covered in molten scales. (AC +2) [potion of mutation]
 72561 | Lair:5   | Lost mutation: Scrolls take you a little longer to read. [potion of mutation]
 72561 | Lair:5   | Lost mutation: Your body sometimes deteriorates upon taking damage. [potion of mutation]
 72561 | Lair:5   | Gained mutation: Armour fits poorly on your strangely shaped body. [potion of mutation]
 72561 | Lair:5   | Gained mutation: You are dopey. (Int -2) [potion of mutation]
 72561 | Lair:5   | Gained mutation: You have hoof-like feet. [potion of mutation]
 72562 | Lair:5   | Lost mutation: You tend to lose your temper in combat. [potion of mutation]
 72562 | Lair:5   | Lost mutation: You are frail. (-10% HP) [potion of mutation]
 72562 | Lair:5   | Lost mutation: You do not regenerate when monsters are visible. [potion of mutation]
 72562 | Lair:5   | Lost mutation: You expend magic power (3 MP) to strengthen your wands. [potion of mutation]
 72562 | Lair:5   | Gained mutation: You have supernaturally acute eyesight. (SInv) [potion of mutation]
 72562 | Lair:5   | Lost mutation: You have hoof-like feet. [potion of mutation]
 72562 | Lair:5   | Gained mutation: You are partially covered in molten scales. (AC +2) [potion of mutation]
 72563 | Lair:5   | Lost mutation: You are partially covered in molten scales. (AC +2) [potion of mutation]
 72563 | Lair:5   | Lost mutation: You have large cloven feet. [potion of mutation]
 72563 | Lair:5   | Gained mutation: You are somewhat resistant to further mutation. [potion of mutation]
 72563 | Lair:5   | Gained mutation: You possess an exceptional clarity of mind. [potion of mutation]
 72564 | Lair:5   | Lost mutation: You have sharp fingernails. [potion of mutation]
 72564 | Lair:5   | Lost mutation: Armour fits poorly on your strangely shaped body. [potion of mutation]
 72982 | Depths:1 | Fell from the grace of Trog
 72982 | Depths:1 | Became a worshipper of the Shining One
 73895 | Crypt:1  | Entered Level 1 of the Crypt
 74010 | Crypt:1  | Reached * piety under the Shining One
 74141 | Crypt:1  | Reached ** piety under the Shining One
 74193 | Crypt:1  | Paralysed by Trog for 7 turns
 74708 | Crypt:2  | Noticed Boris
 74709 | Crypt:2  | Reached *** piety under the Shining One
 74716 | Crypt:2  | Killed Boris
 74722 | Crypt:2  | Noticed Margery
 74728 | Crypt:2  | Killed Margery
 74743 | Crypt:2  | Reached **** piety under the Shining One
 74827 | Crypt:2  | Found the +2 pair of boots of the Assassin {Detection Stab+ Stlth++}
 75018 | Crypt:2  | Reached ***** piety under the Shining One
 75505 | Crypt:3  | Entered Level 3 of the Crypt
 75511 | Crypt:3  | Reached skill level 1 in Invocations
 75643 | Crypt:3  | Found a basalt altar of Yredelemnul.
 75682 | Crypt:3  | Reached skill level 5 in Invocations
 75724 | Crypt:3  | Reached ****** piety under the Shining One
 75779 | Crypt:3  | Identified a +2 executioner's axe of holy wrath (a +0 executioner's axe of chopping blessed by the Shining One)
 75779 | Crypt:3  | Received a gift from the Shining One
 76040 | Crypt:3  | Noticed an ancient lich
 76046 | Crypt:3  | Killed an ancient lich
 76046 | Crypt:3  | Reached skill level 10 in Invocations
 76051 | Crypt:3  | Found a basalt altar of Yredelemnul.
 76053 | Crypt:3  | Found an ancient bone altar of Kikubaaqudgha.
 76118 | Crypt:3  | Got a translucent golden ring
 76118 | Crypt:3  | Got a crude marble ring
 76118 | Crypt:3  | Got a clouded bronze ring
 76119 | Crypt:3  | Identified the ring of Qoewurao {rC+ rN+ Str+2} (You found it on level 3 of the Crypt)
 76120 | Crypt:3  | Identified the ring of Ipyrgh {rC+ rN+ Str+3 Stlth+} (You found it on level 3 of the Crypt)
 76121 | Crypt:3  | Identified the ring "Kean" {+Inv +Fly rN+ MP+9 Int-5} (You found it on level 3 of the Crypt)
 76132 | Crypt:3  | Learned a level 2 spell: Blink
 76381 | Crypt:3  | Found a staircase to the Tomb.
 76748 | Pan      | Entered Pandemonium
 76900 | Pan      | Found a runed door.
 76927 | Pan      | Gained mutation: You are weak. (Str -2) [a neqoxec]
 77010 | Pan      | Found an exit through the horrors of the Abyss.
 77319 | Pan      | Noticed Viliffup the pandemonium lord
 77326 | Pan      | Killed Viliffup the pandemonium lord
 77756 | Pan      | Got a scintillating sapphire amulet
 77757 | Pan      | Noticed Batas the pandemonium lord
 77760 | Pan      | Identified the amulet of Tugestre {Reflect rN+ SH+4} (You found it in Pandemonium)
 78227 | Pan      | Noticed Tefafeug the pandemonium lord
 78241 | Pan      | Killed Tefafeug the pandemonium lord
 78241 | Pan      | Reached skill level 15 in Invocations
 79799 | Pan      | Identified the Almanac of Companions and Transformation
 80257 | Pan      | Found an exit through the horrors of the Abyss.
 80376 | Pan      | Noticed Tunoew the pandemonium lord
 80391 | Pan      | Killed Tunoew the pandemonium lord
 80867 | Pan      | Found a huge runed gate.
 81162 | Pan      | Reached skill level 1 in Spellcasting
 81162 | Pan      | Reached skill level 1 in Translocations
 81335 | Pan      | Noticed Hobrod the pandemonium lord
 81345 | Pan      | Killed Hobrod the pandemonium lord
 81390 | Pan      | Entered the realm of Gloorx Vloq.
 81456 | Pan      | Noticed Gloorx Vloq
 81471 | Pan      | Killed Gloorx Vloq
 81471 | Pan      | Reached skill level 5 in Spellcasting
 81471 | Pan      | Reached skill level 5 in Translocations
 81512 | Pan      | Was forgiven by Trog
 81663 | Pan      | Got a dark rune of Zot
 82833 | Pan      | Entered the realm of Cerebov.
 83220 | Pan      | Got an ichor-stained battleaxe
 83221 | Pan      | Identified the cursed +2 battleaxe of Riasis {chop, -Tele Int+3 Dex+7} (You found it in Pandemonium)
 83246 | Pan      | Identified the Guide on Dusty Snow
 83274 | Pan      | Noticed Cerebov
 83323 | Pan      | Killed Cerebov
 83429 | Pan      | Identified Syqyll's Guide on Earthen Companions
 83449 | Pan      | Got a fiery rune of Zot
 83464 | Pan      | Got brightly glowing gold dragon scales
 83465 | Pan      | Identified the +3 gold dragon scales of Teuff {rPois rF+ rC+ MR+ Dex+6} (You found it in Pandemonium)
 83470 | Pan      | Got a fine steel ring
 83471 | Pan      | Identified the ring "Oqill" {rC+ Stlth-} (You found it in Pandemonium)
 83491 | Pan      | Got a crude amber ring
 83492 | Pan      | Identified the ring of Wyes {Wiz MR+} (You found it in Pandemonium)
 83904 | Pan      | Noticed Hapov the pandemonium lord
 83907 | Pan      | Reached skill level 10 in Spellcasting
 83907 | Pan      | Reached skill level 10 in Translocations
 83920 | Pan      | Killed Hapov the pandemonium lord
 84774 | Pan      | Found an exit through the horrors of the Abyss.
 85057 | Pan      | Took an exit into the Abyss.
 85057 | Abyss:1  | Escaped into the Abyss
 85093 | Abyss:1  | Gained mutation: You expend magic power (3 MP) to strengthen your wands. [a cacodemon]
 85158 | Depths:1 | Escaped the Abyss
 85162 | Pan      | Entered the realm of Lom Lobon.
 85162 | Pan      | Entered Pandemonium
 85260 | Pan      | Learned a level 2 spell: Passwall
 85329 | Pan      | Found an exit through the horrors of the Abyss.
 85361 | Pan      | Reached skill level 1 in Earth Magic
 85579 | Pan      | Reached skill level 1 in Transmutations
 85972 | Pan      | Reached skill level 5 in Earth Magic
 86162 | Pan      | Noticed Lom Lobon
 86208 | Pan      | Killed Lom Lobon
 86398 | Pan      | Got a magical rune of Zot
 86523 | Pan      | Entered the realm of Mnoleg.
 86529 | Pan      | Reached skill level 5 in Transmutations
 86849 | Pan      | Reached skill level 10 in Earth Magic
 86864 | Pan      | Gained mutation: Your magical capacity is low. (-10% MP) [a neqoxec]
 87126 | Pan      | Paralysed by a floating eye for 3 turns
 87148 | Pan      | Noticed Mnoleg
 87210 | Pan      | Killed Mnoleg
 87292 | Pan      | Got a glowing rune of Zot
 87666 | Pan      | Noticed Pysiy the pandemonium lord
 87683 | Pan      | Killed Pysiy the pandemonium lord
 88266 | Pan      | Noticed Taruvab the pandemonium lord
 88278 | Pan      | Killed Taruvab the pandemonium lord
 88669 | Pan      | Got a demonic rune of Zot
 89611 | Pan      | Found a runed door.
 89763 | Pan      | Noticed Atoc the pandemonium lord
 89768 | Pan      | Killed Atoc the pandemonium lord
 90511 | Pan      | Noticed Orchel the pandemonium lord
 90517 | Pan      | Killed Orchel the pandemonium lord
 90675 | Pan      | Got a glittering sapphire amulet
 90676 | Pan      | Identified the amulet of the Aged Seas {RegenMP Dex+8} (You acquired it in Pandemonium)
 90807 | Pan      | Lost mutation: You possess an exceptional clarity of mind. [a neqoxec]
 90854 | Pan      | Noticed Ligyuvet the pandemonium lord
 90866 | Pan      | Paralysed by Ligyuvet for 4 turns
 90872 | Pan      | Killed Ligyuvet the pandemonium lord
 90993 | Pan      | Gained mutation: You are very dopey. (Int -4) [a neqoxec]
 91021 | Pan      | Found an exit through the horrors of the Abyss.
 91535 | Pan      | Took an exit into the Abyss.
 91535 | Abyss:1  | Escaped into the Abyss
 91727 | Abyss:1  | Found a corrupted altar of Lugonu.
 91861 | Depths:1 | Escaped the Abyss
 91959 | Dis:1    | Entered Level 1 of the Iron City of Dis
 92687 | Dis:6    | Found a burning altar of Makhleb.
 93352 | Dis:7    | Entered Level 7 of the Iron City of Dis
 93453 | Dis:7    | Reached skill level 27 in Dodging
 93810 | Dis:7    | Got a twitching golden amulet
 93947 | Dis:7    | Noticed 2ustice's ghost (adept DsFi)
 93960 | Dis:7    | Killed 2ustice's ghost
 94090 | Dis:7    | Identified the amulet "Sagun" {Reflect rF+ rN+ SH+3} (You took it off an ancient champion on level 7 of the Iron City of Dis)
 94180 | Dis:7    | Got a scorched gossamer ring
 94194 | Dis:7    | Identified Hisoewul's Handbook of Blistering Snow
 94218 | Dis:7    | Learned a level 1 spell: Summon Butterflies
 94238 | Dis:7    | Reached skill level 1 in Summonings
 94348 | Dis:7    | Noticed Dispater
 94370 | Dis:7    | Killed Dispater
 94437 | Dis:7    | Got an iron rune of Zot
 94783 | Dis:7    | Reached skill level 5 in Summonings
 94865 | Dis:7    | Found the amulet of the Air {Inacc +Fly rElec EV+5 RMsl}
 94873 | Dis:7    | Got a crude lead ring
 94874 | Dis:7    | Identified the ring "Siekalar" {rPois rN+} (You took it off an iron imp on level 7 of the Iron City of Dis)
 95094 | Hell     | Identified the ring of Zytocro {*Drain rC+ MR+ SInv} (You found it on level 7 of the Iron City of Dis)
 95099 | Geh:1    | Entered Level 1 of Gehenna
 95945 | Geh:7    | Entered Level 7 of Gehenna
 96104 | Geh:7    | Identified Sif Muna's Grimoire of Displaced Stones
 96229 | Geh:7    | Identified the Tome of Floating Sinister Rites
 96240 | Geh:7    | Learned a level 6 spell: Deflect Missiles
 96349 | Geh:7    | Reached skill level 1 in Charms
 96822 | Geh:7    | Reached skill level 5 in Charms
 97266 | Geh:7    | Gained mutation: You tend to lose your temper in combat. [mutagenic glow]
 97441 | Geh:7    | Found the +3 salamander hide armour {+Rage rF++}
 97463 | Geh:7    | Noticed Asmodeus
 97484 | Geh:7    | Killed Asmodeus
 97503 | Geh:7    | Got an obsidian rune of Zot
 97646 | Geh:7    | Reached skill level 10 in Charms
 97690 | Coc:1    | Entered Level 1 of Cocytus
 97731 | Coc:1    | Reached skill level 1 in Air Magic
 98051 | Coc:3    | Reached skill level 5 in Air Magic
 98367 | Coc:7    | Entered Level 7 of Cocytus
 98453 | Coc:7    | Noticed the Serpent of Hell
 98468 | Coc:7    | Killed the Serpent of Hell
 98519 | Coc:7    | Reached skill level 10 in Air Magic
 99072 | Coc:7    | Noticed Antaeus
 99094 | Coc:7    | Killed Antaeus
 99268 | Coc:7    | Got an icy rune of Zot
 99557 | Tar:1    | Entered Level 1 of Tartarus
100408 | Tar:4    | Gained mutation: You are robust. (+10% HP) [mutagenic glow]
100474 | Tar:5    | Gained mutation: Your magical capacity is very low. (-20% MP) [mutagenic glow]
100655 | Tar:5    | Reached skill level 15 in Charms
101049 | Tar:7    | Entered Level 7 of Tartarus
101733 | Tar:7    | Noticed Ereshkigal
101739 | Tar:7    | Paralysed by Ereshkigal for 4 turns
101799 | Tar:7    | Killed Ereshkigal
101799 | Tar:7    | Reached skill level 15 in Air Magic
101830 | Tar:7    | Got a bone rune of Zot
103433 | Tomb:1   | Entered Level 1 of the Tomb of the Ancients
103635 | Tomb:1   | Noticed a greater mummy
103664 | Tomb:1   | Killed a greater mummy
104100 | Tomb:1   | Noticed a greater mummy
104121 | Tomb:1   | Killed a greater mummy
104759 | Tomb:2   | Noticed a greater mummy
104766 | Tomb:2   | Killed a greater mummy
104766 | Tomb:2   | Reached skill level 27 in Invocations
104767 | Tomb:2   | Noticed a greater mummy
104772 | Tomb:2   | Noticed a greater mummy
104774 | Tomb:2   | Noticed a greater mummy
104791 | Tomb:2   | Killed a greater mummy
104793 | Tomb:2   | Killed a greater mummy
104795 | Tomb:2   | Killed a greater mummy
105170 | Tomb:1   | Noticed a greater mummy
105174 | Tomb:1   | Noticed a greater mummy
105181 | Tomb:1   | Noticed a greater mummy
105182 | Tomb:1   | Killed a greater mummy
105183 | Tomb:1   | Killed a greater mummy
105197 | Tomb:1   | Killed a greater mummy
105287 | Tomb:1   | Noticed a greater mummy
105288 | Tomb:1   | Noticed a greater mummy
105296 | Tomb:1   | Killed a greater mummy
105301 | Tomb:1   | Noticed a greater mummy
105302 | Tomb:1   | Killed a greater mummy
105312 | Tomb:1   | Killed a greater mummy
105389 | Tomb:1   | Noticed a greater mummy
105393 | Tomb:1   | Noticed a greater mummy
105394 | Tomb:1   | Noticed a greater mummy
105396 | Tomb:1   | Killed a greater mummy
105405 | Tomb:1   | Killed a greater mummy
105408 | Tomb:1   | Killed a greater mummy
105410 | Tomb:1   | Noticed a greater mummy
105417 | Tomb:1   | Noticed a greater mummy
105418 | Tomb:1   | Killed a greater mummy
105427 | Tomb:1   | Killed a greater mummy
105501 | Tomb:1   | Noticed a greater mummy
105505 | Tomb:1   | Killed a greater mummy
105510 | Tomb:1   | Noticed a greater mummy
105514 | Tomb:1   | Noticed a greater mummy
105514 | Tomb:1   | Killed a greater mummy
105523 | Tomb:1   | Killed a greater mummy
105562 | Tomb:1   | Noticed a greater mummy
105563 | Tomb:1   | Noticed a greater mummy
105575 | Tomb:1   | Killed a greater mummy
105576 | Tomb:1   | Killed a greater mummy
105578 | Tomb:1   | Noticed a greater mummy
105584 | Tomb:1   | Killed a greater mummy
105684 | Tomb:1   | Noticed a greater mummy
105685 | Tomb:1   | Noticed a greater mummy
105690 | Tomb:1   | Reached skill level 15 in Spellcasting
105695 | Tomb:1   | Killed a greater mummy
105697 | Tomb:1   | Noticed a greater mummy
105698 | Tomb:1   | Killed a greater mummy
105708 | Tomb:1   | Killed a greater mummy
105959 | Tomb:3   | Entered Level 3 of the Tomb of the Ancients
106007 | Tomb:3   | Noticed a greater mummy
106009 | Tomb:3   | Noticed a greater mummy
106009 | Tomb:3   | Noticed Khufu
106009 | Tomb:3   | Noticed a greater mummy
106009 | Tomb:3   | Noticed a greater mummy
106010 | Tomb:3   | Noticed a greater mummy
106019 | Tomb:3   | Killed a greater mummy
106020 | Tomb:3   | Noticed a greater mummy
106023 | Tomb:3   | Noticed a greater mummy
106049 | Tomb:3   | Noticed a greater mummy
106063 | Tomb:3   | Killed a greater mummy
106076 | Tomb:3   | Killed a greater mummy
106252 | Tomb:3   | Found the +3 giant club "Skullcrusher" {speed, Str+7}
106307 | Tomb:3   | Killed a greater mummy
106318 | Tomb:3   | Killed Khufu
106327 | Tomb:3   | Killed a greater mummy
106337 | Tomb:3   | Killed a greater mummy
106372 | Tomb:3   | Killed a greater mummy
106600 | Tomb:3   | Killed a greater mummy
106658 | Tomb:3   | Found the +9 staff of Wucad Mu {channel}
106668 | Tomb:3   | Identified the Tome of Fetching Transmutation
106853 | Tomb:3   | Got a golden rune of Zot
107594 | Zot:5    | Got the Orb of Zot
107642 | Zot:4    | Noticed Xoupriajus the pandemonium lord
107645 | Zot:4    | Noticed Eqoabloc the pandemonium lord
107850 | Depths:3 | Noticed Retoar the pandemonium lord
107862 | Depths:3 | Killed Retoar the pandemonium lord
107905 | Depths:2 | Noticed Woipline the pandemonium lord
107913 | Depths:2 | Killed Woipline the pandemonium lord
108433 | D:1      | Noticed Xiept the pandemonium lord
108442 | D:1      | Killed Xiept the pandemonium lord
108447 | D:$      | Escaped with the Orb!

Skill      XL: |  1  2  3  4  5  6  7  8  9 10 11 12 13 14 15 16 17 18 19 20 21 22 23 24 25 26 27 |
---------------+----------------------------------------------------------------------------------+-----
Axes           | 3 4 5 6 7 10 12 14 15 16 17 19 20 27 | 27.0
Dodging        | 2 6 8 9 10 11 12 15 27 | 27.0
Armour         | 3 7 10 13 14 15 18 20 23 27 | 27.0
Fighting       | 4 8 10 13 15 17 20 21 24 26 27 | 27.0
Evocations     | 5 7 |  7.0
Invocations    | 27 | 27.0
Spellcasting   | 19 | 19.2
Translocations | 10 | 10.0
Earth Magic    | 13 | 13.0
Transmutations | 5 |  5.0
Summonings     | 7 |  7.0
Charms         | 18 | 18.0
Air Magic      | 15 | 15.0

Action                   |  1- 3 |  4- 6 |  7- 9 | 10-12 | 13-15 | 16-18 | 19-21 | 22-24 | 25-27 || total
-------------------------+-------+-------+-------+-------+-------+-------+-------+-------+-------++-------
Melee: Hand axe          |    26 |       |       |       |       |       |       |       |       ||    26
       Whip              |    54 |   212 |   472 |   805 |       |       |       |       |       ||  1543
       Battleaxe         |       |       |       |    66 |   813 |   929 |  1391 |  1304 |  3332 ||  7835
       Scimitar          |       |       |       |     3 |    30 |       |       |       |       ||    33
       Unarmed           |       |       |       |       |     3 |       |       |       |       ||     3
       Broad axe         |       |       |       |       |       |       |       |       |    33 ||    33
       Executioner's axe |       |       |       |       |       |       |       |       |  6933 ||  6933
       Bite              |       |       |       |       |       |       |       |       |   380 ||   380
       Headbutt          |       |       |       |       |       |       |       |       |    41 ||    41
 Cast: Blink             |       |       |       |       |       |       |       |       |     3 ||     3
       Deflect Missiles  |       |       |       |       |       |       |       |       |     1 ||     1
Invok: Berserk           |     2 |     6 |    12 |    24 |    18 |     9 |    11 |     9 |     4 ||    95
       Trog's Hand       |       |       |     2 |     1 |     2 |     3 |    11 |     2 |    21 ||    42
       Burn Spellbooks   |       |       |     1 |     1 |     1 |     5 |     2 |     3 |    12 ||    25
       Brothers in Arms  |       |       |       |     1 |     1 |     2 |     2 |       |     1 ||     7
       Summon Divine War |       |       |       |       |       |       |       |       |    21 ||    21
       Divine Shield     |       |       |       |       |       |       |       |       |     3 ||     3
       Cleansing Flame   |       |       |       |       |       |       |       |       |     3 ||     3
       Brand Weapon With |       |       |       |       |       |       |       |       |     1 ||     1
 Abil: Fly               |       |       |       |       |     1 |       |       |       |     1 ||     2
       Evoke Flight      |       |       |       |       |     1 |       |       |       |       ||     1
       Evoke Invisibilit |       |       |       |       |       |       |       |     2 |    12 ||    14
       Stop Flying       |       |       |       |       |       |       |       |       |     1 ||     1
Evoke: Wand              |       |       |       |     1 |     2 |       |     3 |       |    13 ||    19
  Use: Scroll            |       |     4 |     9 |    12 |     6 |     7 |     6 |     9 |    77 ||   130
       Potion            |       |       |       |       |       |     2 |     3 |       |    40 ||    45
 Stab: Invisible         |       |       |       |       |       |       |     3 |    24 |    91 ||   118
       Distracted        |       |       |       |       |       |       |     1 |       |     2 ||     3
       Petrifying        |       |       |       |       |       |       |       |     1 |     1 ||     2
       Confused          |       |       |       |       |       |       |       |       |     1 ||     1
       Petrified         |       |       |       |       |       |       |       |       |     1 ||     1
  Eat: Chunk             |     2 |    13 |    22 |    40 |    39 |    19 |    35 |    29 |    46 ||   245
       Ration            |       |       |     1 |     3 |     5 |     5 |     3 |     2 |    60 ||    79
Armor: Animal skin       |     9 |       |       |       |       |       |       |       |       ||     9
       Ring mail         |    28 |    57 |       |       |       |       |       |       |       ||    85
       Scale mail        |       |    40 |       |       |       |       |       |       |       ||    40
       Chain mail        |       |       |   236 |       |       |       |       |       |       ||   236
       Plate armour      |       |       |    34 |   438 |   720 |   739 |   720 |   606 |   755 ||  4012
       Crystal plate arm |       |       |       |       |       |       |       |       |  4938 ||  4938
Dodge: Dodged            |    48 |   120 |   186 |   209 |   420 |   684 |  1079 |   981 |  8313 || 12040
       Deflected         |       |       |       |       |       |       |       |       |     3 ||     3
Block: Other             |       |       |       |       |       |       |       |       |    77 ||    77
       Rpst.: Scimitar   |       |       |       |     1 |     9 |       |       |       |       ||    10
